 Dungeon Crawl Stone Soup version 0.25-a0-566-g062765b (webtiles) character file.

Game seed: 16796063084115417732, levelgen mode: deterministic

7305 snetch the Thaumaturge (level 10, -9/56 HPs)
             Began as a Deep Elf Conjurer on Feb 27, 2020.
             Was a Believer of Vehumet.
             Mangled by a death yak (18 damage)
             ... on level 7 of the Dungeon on Feb 28, 2020.
             The game lasted 00:40:42 (7707 turns).

snetch the Thaumaturge (Deep Elf Conjurer)          Turns: 7707, Time: 00:40:42

Health: -9/56      AC:  8    Str:  5    XL:     10   Next: 90%
Magic:  4/28       EV: 17    Int: 24    God:    Vehumet [**....]
Gold:   438        SH:  0    Dex: 15    Spells: 18/33 levels left

rFire    . . .     SeeInvis +   b - +2 quarterstaff (chaos)
rCold    . . .     Gourm    .   (shield currently unavailable)
rNeg     . . .     Faith    .   E - +0 troll leather armour {Purgy}
rPois    .         Spirit   .   I - +0 helmet
rElec    .         Reflect  .   O - +2 cloak
rCorr    .         Harm     .   (no gloves)
MR       +....                  (no boots)
Stlth    ++++......             (no amulet)
HPRegen  0.58/turn              L - +2 ring of evasion
MPRegen  0.21/turn              M - ring of see invisible

@: no status effects
A: no striking features
a: Renounce Religion


You were on level 7 of the Dungeon.
You worshipped Vehumet.
Vehumet was pleased with you.
You were not hungry.

You visited 2 branches of the dungeon, and saw 10 of its levels.
You also visited: Sewer.

You collected 438 gold pieces.

Inventory:

Hand Weapons
 a - a +0 short sword of electrocution
 b - a +2 quarterstaff of chaos (weapon)
 c - a +0 shortbow
Missiles
 g - 173 stones
 r - 54 bolts
 s - 48 poisoned darts (quivered)
 u - 125 arrows
 w - 23 boomerangs
 A - 75 sling bullets
 K - a throwing net
Armour
 y - a +0 ring mail of cold resistance
 E - a +0 troll leather armour (worn) {Purgy}
 I - a +0 helmet (worn)
 O - a +2 cloak (worn)
Jewellery
 f - an uncursed ring of fire
 G - an uncursed ring of fire
 L - a +2 ring of evasion (left hand)
 M - a ring of see invisible (right hand)
Wands
 d - a wand of enslavement (15)
 h - a wand of acid (12)
 o - a wand of polymorph (11)
 D - a wand of flame (26)
 H - a wand of clouds (4)
Scrolls
 e - 3 scrolls of amnesia
 i - a scroll of enchant weapon
 k - 5 scrolls of remove curse {unknown}
 n - 2 scrolls of magic mapping
 q - 2 scrolls of immolation {unknown}
 C - 10 scrolls of teleportation
Potions
 j - 3 potions of flight
 l - a potion of stabbing
 m - 5 potions of brilliance
 p - 4 potions of curing
 t - 3 potions of might {unknown}
 x - 4 potions of heal wounds {unknown}
 z - a potion of mutation
 B - 3 potions of resistance
 N - 2 potions of ambrosia
Miscellaneous
 F - a box of beasts
Comestibles
 v - 3 chunks of flesh
 J - 13 rations


   Skills:
 + Level 3.0 Fighting
 + Level 1.0 Short Blades
 + Level 0.8 Staves
 + Level 3.6 Armour
 + Level 6.2 Dodging
 + Level 7.9 Stealth
 + Level 12.2 Spellcasting
 + Level 11.4 Conjurations
 + Level 0.3 Translocations
 + Level 0.3 Fire Magic
 + Level 0.1 Evocations


You had 18 spell levels left.
You knew the following spells:

 Your Spells              Type           Power        Failure   Level  Hunger
a - Magic Dart            Conj           ####         1%          1    None
b - Searing Ray           Conj           ######       1%          2    None
c - Dazzling Flash        Conj/Hex       #####.       1%          3    None
d - Iskenderun's Mystic   Conj/Tloc      #####...     6%          4    None
e - Fulminant Prism       Conj/Hex       #####.....   6%          4    None
f - Foxfire               Conj/Fire      ####         1%          1    None

Your spell library contained the following spells:

 Spells                   Type           Power        Failure   Level  Hunger
 Sandblast                Erth           ##....       7%          1    None
 Beastly Appendage        Tmut           ##....       7%          1    None
 Sticks to Snakes         Tmut           ##......     10%         2    None
 Spider Form              Tmut/Pois      ##........   21%         3    None
 Ice Form                 Ice/Tmut       ##......     54%         4    None
 Blade Hands              Tmut           ##........   88%         5    ###....


Dungeon Overview and Level Annotations

Branches:
Dungeon (9/15)             Temple (1/1) D:6           Sewer (visited)
   Lair: D:8-11         Orc: D:9-12

Altars:
Ashenzari
Cheibriados
Dithmenos
Elyvilon
Fedhas
Gozag
Kikubaaqudgha
Makhleb
Nemelex Xobeh
Okawaru
Qazlal
Sif Muna
Trog
Uskayaw
Vehumet
Wu Jian
Xom
Zin

Shops:
D:4 (

Annotations:
D:2 hatch and altar over lava


Message History

(Press . to maintain the ray.)
The death yak closely misses you.
The searing ray misses the death yak.
The death yak gores you!!
The searing ray hits the death yak!
The death yak is heavily wounded.
The death yak gores you!
The searing ray hits the death yak!
The death yak is severely wounded.
You finish channeling your searing ray.
The death yak gores you!
* * * LOW HITPOINT WARNING * * *
Casting: Searing Ray (safe; 1% risk of failure)
Confirm with . or Enter, or press ? or * to list all spells.
Aiming: Searing Ray (safe; 1% risk of failure)
Press: ? - help, Shift-Dir - straight line, f/p - death yak
Aim: a death yak (severely wounded)
The searing ray hits the death yak!
The death yak is severely wounded. (Press . to maintain the ray.)
The death yak gores you!!
You die...

#........##.........#
#....?...##.........#
#.....!..##.........#
#........###........#
####......##........#
#......#######+###
#.)....# ####.#
#......####....###
#@.....'..........
#Y.....####.......
#.........#.......
#.........#.#.....
#...........#<....
#.........###.....
#....)....#.[.....
#.........#.####..
#.........#.# #..


You could see a death yak.

Vanquished Creatures
  A two-headed ogre (D:8)
  A death yak (D:8)
  A hornet (D:8)
  A queen bee (D:8)
  2 hippogriffs
  Sigmund (D:5)
  3 yaks (D:8)
  2 hungry ghosts (D:7)
  A steam dragon (D:7)
  A hornet zombie (D:9)
  An orc warrior (D:6)
  A sky beast (D:8)
  Purgy (Sewer)
  A black bear (D:7)
  7 ogres
  5 centaurs
  A big kobold (D:7)
  3 bullfrogs
  4 scorpions
  A water moccasin skeleton (D:5)
  4 wights (D:8)
  19 killer bees
  2 howler monkeys (D:5)
  2 crimson imps
  A centaur zombie (D:7)
  A quasit (D:5)
  A bullfrog skeleton (D:8)
  A bullfrog zombie (D:7)
  A gnoll shaman (D:7)
  3 hounds
  2 centaur skeletons
  5 orc priests
  Crazy Yiuf (D:7)
  3 iguanas
  2 jellies
  5 orc wizards
  8 worker ants
  A howler monkey zombie (D:5)
  3 worker ant zombies
  A howler monkey skeleton (D:6)
  4 gnolls
  9 adders
  2 shadow imps
  An ooze (D:3)
  2 worms
  4 dart slugs
  5 leopard geckos
  23 orcs
  A ball python (D:6)
  10 bats
  21 giant cockroaches
  6 goblins
  6 hobgoblins
  4 jackals (D:1)
  12 kobolds
  4 quokkas
  7 frilled lizards
  A jackal skeleton (D:4)
  A leopard gecko skeleton (D:5)
  8 rats
236 creatures vanquished.

Vanquished Creatures (others)
  14 foxfires (D:8)
  5 fulminant prisms (D:8)
19 creatures vanquished.

Grand Total: 255 creatures vanquished

Notes
Turn   | Place    | Note
-------+----------+-------------------------------------------
     0 | D:1      | snetch the Deep Elf Conjurer began the quest for the Orb.
     0 | D:1      | Reached XP level 1. HP: 10/10 MP: 6/6
   238 | D:2      | Reached XP level 2. HP: 15/15 MP: 2/8
   341 | D:2      | Learned a level 2 spell: Searing Ray
   361 | D:1      | Reached skill level 5 in Conjurations
   848 | D:2      | Reached XP level 3. HP: 19/19 MP: 6/9
  1200 | D:3      | Reached XP level 4. HP: 24/24 MP: 8/11
  1266 | D:2      | Found a blossoming altar of Fedhas.
  1394 | D:2      | Learned a level 3 spell: Dazzling Flash
  1399 | D:2      | Learned a level 4 spell: Iskenderun's Mystic Blast
  1675 | D:2      | Reached skill level 4 in Spellcasting
  1955 | D:2      | Found a hide-covered altar of Uskayaw.
  2327 | D:3      | Reached XP level 5. HP: 13/28 MP: 9/13
  2336 | D:3      | Found an ornate altar of the Wu Jian Council.
  2580 | D:4      | Noticed an ogre
  2586 | D:4      | Killed an ogre
  2586 | D:4      | Reached skill level 5 in Spellcasting
  2586 | D:4      | Reached XP level 6. HP: 32/32 MP: 6/15
  2667 | D:5      | Entered Level 5 of the Dungeon
  2802 | D:4      | Found Jaum's Weapon Shop.
  2935 | D:4      | Found a glowing silver altar of Zin.
  3390 | D:4      | Reached skill level 6 in Spellcasting
  3570 | D:5      | Reached XP level 7. HP: 31/36 MP: 10/18
  3955 | D:5      | Noticed Sigmund
  3962 | D:5      | Killed Sigmund
  3962 | D:5      | Reached skill level 5 in Stealth
  3962 | D:5      | Reached skill level 7 in Spellcasting
  4156 | D:6      | Reached XP level 8. HP: 42/42 MP: 16/21
  4210 | D:6      | Reached skill level 1 in Fighting
  4213 | D:6      | Reached skill level 8 in Spellcasting
  4259 | D:6      | Found a shadowy altar of Dithmenos.
  4260 | D:6      | Found a shimmering altar of Xom.
  4445 | D:6      | Found an iron altar of Okawaru.
  4576 | D:6      | Found a glowing drain.
  4582 | Sewer    | Entered a sewer
  4630 | Sewer    | Noticed Purgy
  4634 | Sewer    | Killed Purgy
  4803 | D:5      | Reached skill level 9 in Spellcasting
  4861 | D:5      | Found an ancient bone altar of Kikubaaqudgha.
  4942 | D:5      | Found a shattered altar of Ashenzari.
  4946 | D:5      | Saw a vision of the Swamp and the Snake Pit.
  4946 | D:5      | Noticed a guardian serpent
  4946 | D:5      | Noticed a naga sharpshooter
  4946 | D:5      | Noticed a black mamba
  4946 | D:5      | Noticed a black mamba
  4946 | D:5      | Noticed an anaconda
  4946 | D:5      | Noticed a black mamba
  4947 | D:5      | Noticed a black mamba
  4947 | D:5      | Noticed an alligator
  4948 | D:5      | Noticed an alligator
  4948 | D:5      | Noticed an alligator
  5293 | D:6      | Reached XP level 9. HP: 35/47 MP: 21/24
  5297 | D:6      | Found a staircase to the Ecumenical Temple.
  5311 | Temple   | Entered the Ecumenical Temple
  5334 | Temple   | Became a worshipper of Vehumet
  5443 | D:6      | Reached skill level 10 in Spellcasting
  6028 | D:7      | Reached skill level 10 in Conjurations
  6072 | D:8      | Reached skill level 1 in Armour
  6244 | D:7      | Reached skill level 11 in Spellcasting
  6351 | D:7      | Reached * piety under Vehumet
  6351 | D:7      | Offered knowledge of Foxfire by Vehumet.
  6512 | D:7      | Found a runed translucent door.
  6513 | D:7      | Noticed Crazy Yiuf
  6518 | D:7      | Killed Crazy Yiuf
  6738 | D:8      | Reached skill level 5 in Dodging
  6738 | D:8      | Reached XP level 10. HP: 53/53 MP: 23/27
  6815 | D:8      | Paralysed by a hornet for 1 turns
  6817 | D:8      | Reached skill level 1 in Short Blades
  6963 | D:8      | Learned a level 4 spell: Fulminant Prism
  6965 | D:8      | Learned a level 1 spell: Foxfire
  7083 | D:8      | Noticed a two-headed ogre
  7207 | D:8      | Killed a two-headed ogre
  7466 | D:8      | Offered knowledge of Sandblast by Vehumet.
  7495 | D:8      | Noticed a death yak
  7537 | D:8      | Killed a death yak
  7537 | D:8      | Reached ** piety under Vehumet
  7537 | D:8      | Reached skill level 12 in Spellcasting
  7644 | D:8      | Noticed a death yak
  7644 | D:8      | Noticed a death yak
  7707 | D:7      | Mangled by a death yak

Levels and vault maps discovered:
D:1:      minmay_arrival_solitary_statue, layout_loops_cross
D:2:      minmay_roachtagon, layout_loops_cross, old_standard_altar,
          general_overflow_altar, minmay_worlds_worst_comb
D:3:      layout_rooms, lemuel_coloured_pillars_altar
D:4:      minmay_opposing_rooms, layout_loops_ring, kennysheep_little_box,
          serial_shops, shop
D:5:      layout_cave_pools, nicolae_overflow_crystal_walls, first_ration,
          grunt_ashenzari_visionary [grunt_ashenzari_visionary_swamp,
          grunt_ashenzari_visionary_snake], uniq_sigmund
D:6:      layout_loops_corners, lemuel_doored_altar,
          nicolae_overflow_hidden_temple, temple_hall, portal_sewer_entry_e,
          hex_tiny, grunt_ministairs_2
D:7:      minmay_razor_zed, layout_basic, uniq_crazy_yiuf_cottage
D:8:      layout_layer_cave, dpeg_lair_monsters, david_nohive_1
D:9:      kennysheep_spiral_hall, layout_stronghold, tso_metal_star, david_orc_5
Temple:   cyrus_temple_forest

Skill      XL: |  1  2  3  4  5  6  7  8  9 10 |
---------------+-------------------------------+-----
Conjurations   | 5 6 7 9 10 11 | 11.4
Spellcasting   | 4 5 6 7 9 11 12 | 12.2
Stealth        | 3 4 5 6 7 |  7.9
Dodging        | 3 4 5 6 |  6.2
Fighting       | 1 2 3 |  3.0
Armour         | 2 3 |  3.6
Short Blades   | 1 |  1.0
Staves         | |  0.8
Translocations | |  0.3
Fire Magic     | |  0.3
Evocations     | |  0.1

Action                   |  1- 3 |  4- 6 |  7- 9 | 10-12 || total
-------------------------+-------+-------+-------+-------++-------
Melee: Whip              |     6 |     2 |       |       ||     8
       Short sword       |       |    16 |    16 |       ||    32
       Quarterstaff      |       |       |     2 |    10 ||    12
 Cast: Magic Dart        |    54 |    53 |    62 |    12 ||   181
       Searing Ray       |     5 |    26 |    62 |    28 ||   121
       Iskenderun's Myst |       |       |       |     8 ||     8
       Foxfire           |       |       |       |     7 ||     7
       Fulminant Prism   |       |       |       |     5 ||     5
Evoke: Wand              |       |       |       |     1 ||     1
  Use: Scroll            |       |       |    13 |       ||    13
       Potion            |       |       |       |     1 ||     1
 Stab: Sleeping          |       |     2 |     3 |       ||     5
       Confused          |       |       |       |     1 ||     1
  Eat: Chunk             |     1 |     7 |    14 |     3 ||    25
Armor: Robe              |     2 |     9 |     5 |       ||    16
       Troll leather arm |       |       |    16 |    18 ||    34
Dodge: Dodged            |    12 |    29 |    59 |    55 ||   155

Table legend:
 A = Non-vault XP
 B = Vault XP
 C = Vault XP percentage of total XP
 D = Non-vault monster count
 E = Vault monster count
 F = Vault count percentage of total count
                 A         B        C        D         E       F
            +---------+---------+-------+---------+---------+-------
      Total |    6478 |    3959 |  37.9 |     171 |      65 |  27.5
            +---------+---------+-------+---------+---------+-------
        D:1 |      30 |       0 |   0.0 |      17 |       0 |   0.0
        D:2 |      70 |      26 |  27.1 |      21 |      13 |  38.2
        D:3 |     147 |       0 |   0.0 |      22 |       0 |   0.0
        D:4 |     240 |     165 |  40.7 |      13 |       7 |  35.0
        D:5 |     939 |     227 |  19.5 |      27 |       1 |   3.6
        D:6 |     885 |     122 |  12.1 |      18 |      10 |  35.7
        D:7 |    1742 |     684 |  28.2 |      31 |       9 |  22.5
        D:8 |    2287 |    2588 |  53.1 |      21 |      19 |  47.5
        D:9 |     138 |       0 |   0.0 |       1 |       0 |   0.0
      Sewer |       0 |     147 | 100.0 |       0 |       6 | 100.0
            +---------+---------+-------+---------+---------+-------
